Map: Deathaura LE

Players

MarcoMan - Winner!

  • Race: Protoss Protoss
  • League: Master
  • Spawn Location: 11:00

Drift

  • Race: Terran Terran
  • League: Master
  • Spawn Location: 5:00

VOD

Have the link to the VOD?

Description

Time

  • Played on: Jan. 18, 2021, 1:38 p.m.
  • Length: 16:29
Show
View Real Time Build Order
Export as new Build Order

MarcoMan Protoss - Winner!

Build Orders: 1 Gate Expand, Blink Stalkers 

Get SALT Encoding   

  12  0:01  Probe  
  13  0:13  Probe  
  14  0:17  Pylon  
  14  0:25  Probe (Chrono Boost)  
  15  0:37  Probe (Chrono Boost)  
  15  0:38  Gateway  
  16  0:46  Probe (Chrono Boost)  
  16  0:48  Assimilator  
  17  0:51  Probe  
  18  1:03  Probe  
  19  1:15  Probe  
  20  1:29  Cybernetics Core  
  20  1:35  Nexus  
  20  1:37  Probe  
  21  1:43  Pylon  
  21  1:49  Probe  
  21  1:52  Assimilator  
  22  2:01  Probe  
  23  2:03  Adept (Chrono Boost)  
  23  2:07  Warp Gate  
  25  2:13  Probe  
  26  2:23  Stalker (Chrono Boost)  
  26  2:25  Probe  
  29  2:37  Probe  
  29  2:40  Twilight Council  
  30  2:49  Probe  
  31  3:02  Probe x2  
  33  3:08  Gateway  
  33  3:09  Gateway  
  33  3:14  Probe x2  
  33  3:15  Blink (Chrono Boost)  
  37  3:20  Sentry  
  37  3:27  Probe  
  37  3:29  Probe  
  39  3:39  Probe  
  41  3:41  Probe  
  41  3:48  Pylon  
  41  3:51  Probe  
  41  3:53  Probe  
  43  3:58  Robotics Facility  
  43  4:05  Probe (Chrono Boost)  
  43  4:08  Probe (Chrono Boost)  
  45  4:15  Probe (Chrono Boost)  
  47  4:18  Probe (Chrono Boost)  
  47  4:22  Stalker x3  
  53  4:26  Pylon  
  53  4:28  Probe  
  54  4:32  Assimilator  
  54  4:34  Assimilator  
  54  4:44  Probe x2  
  57  4:45  Observer  
  57  4:54  Stalker x2  
  57  4:56  Probe  
  62  5:04  Probe  
  62  5:11  Charge  
  62  5:16  Nexus  
  62  5:17  Pylon  
  62  5:18  Pylon  
  62  5:19  Pylon  
  62  5:20  Pylon  
  62  5:27  Gateway  
  62  5:30  Forge  
  62  5:33  Gateway  
  62  5:35  Observer, Probe x2 (Chrono Boost)  
  65  5:47  Probe x2 (Chrono Boost)  
  67  5:52  Probe x2 (Chrono Boost)  
  69  6:01  Probe x2  
  71  6:05  Stalker x3, Immortal (Chrono Boost)  
  81  6:13  Probe x2  
  81  6:14  Protoss Ground Armor Level 1  
  83  6:20  Photon Cannon  
  83  6:21  Gateway  
  83  6:23  Photon Cannon  
  83  6:25  Sentry, Probe  
  85  6:30  Probe x2  
  88  6:35  Shield Battery  
  88  6:38  Probe  
  89  6:42  Probe x2  
  91  6:49  Sentry  
  91  6:50  Probe  
  91  6:51  Zealot x3  
  100  7:03  Zealot  
  81  7:16  Zealot x4  
  81  7:17  Zealot  
  89  7:26  Zealot  
  77  7:38  Zealot x4  
  77  7:39  Stalker  
  77  7:43  Probe x3  
  86  7:47  Assimilator  
  86  7:50  Stalker  
  86  7:51  Assimilator  
  88  7:55  Probe x3  
  88  7:56  Gateway  
  88  7:58  Immortal (Chrono Boost)  
  91  8:03  Stalker x2, Gateway  
  91  8:04  Stalker  
  101  8:07  Stalker x2, Gateway  
  101  8:08  Pylon  
  105  8:12  Photon Cannon  
  105  8:18  Templar Archives  
  105  8:30  Observer  
  106  8:34  Protoss Ground Armor Level 2 (Chrono Boost)  
  106  8:35  Forge  
  106  8:41  Robotics Bay  
  106  8:43  Zealot x4  
  106  8:44  Zealot  
  116  8:51  Observer  
  117  9:00  Nexus  
  117  9:01  Pylon  
  117  9:02  Pylon x2  
  117  9:03  Pylon  
  117  9:04  Pylon  
  117  9:05  Pylon  
  117  9:21  Psionic Storm  
  107  9:26  Zealot x4  
  107  9:27  Stalker, Zealot x2  
  107  9:28  Stalker x2  
  117  9:36  Protoss Ground Weapons Level 1 (Chrono Boost)  
  117  9:38  Probe x2  
  117  9:39  Probe  
  117  9:43  Assimilator  
  117  9:45  Assimilator  
  118  9:47  Warp Prism  
  118  9:50  Probe  
  121  9:54  Extended Thermal Lance  
  121  9:55  Probe  
  121  9:56  Probe  
  123  10:02  Probe, Photon Cannon  
  123  10:04  Shield Battery  
  124  10:08  Probe x2  
  124  10:10  Stalker x2, Photon Cannon  
  130  10:14  Zealot x2  
  134  10:22  High Templar x5  
  134  10:25  Archon  
  134  10:26  Archon  
  144  10:32  Pylon  
  144  10:35  Pylon  
  144  10:39  Pylon  
  144  10:48  Pylon  
  144  10:52  Pylon  
  144  10:53  High Templar, Photon Cannon, Probe  
  144  10:54  High Templar x2  
  151  10:57  Photon Cannon  
  151  11:16  Nexus  
  151  11:18  Pylon  
  151  11:19  Pylon  
  151  11:28  Protoss Ground Weapons Level 2  
  151  11:29  Protoss Ground Armor Level 3  
  151  11:31  Zealot, Observer  
  151  11:32  Zealot x5  
  161  11:33  Zealot, Colossus (Chrono Boost)  
  171  11:44  Photon Cannon  
  171  11:46  Photon Cannon  
  171  11:48  Photon Cannon  
  171  11:53  Photon Cannon  
  171  11:57  Shield Battery  
  171  12:04  High Templar x4  
  171  12:05  High Templar x3  
  171  12:08  Archon x2  
  185  12:09  Archon  
  185  12:20  Colossus (Chrono Boost)  
  159  12:59  Robotics Facility  
  159  13:07  Zealot x3, Colossus (Chrono Boost)  
  159  13:12  Zealot x3  
  151  13:27  Zealot x3  
  151  13:28  Zealot x3  
  141  13:50  Zealot x5, Colossus (Chrono Boost)  
  141  13:51  Zealot x4  
  163  14:05  Gateway  
  163  14:06  Gateway  
  163  14:08  Gateway  
  163  14:10  Gateway  
  163  14:15  Zealot x3, Pylon  
  163  14:16  Stalker, Zealot  
  173  14:17  Stalker x4, Pylon  
  173  14:20  Pylon  
  175  14:32  Photon Cannon  
  175  14:41  Zealot x3  
  175  14:42  Stalker  
  159  14:54  Zealot x4  
  159  14:55  Stalker  
  119  15:14  Archon  
  119  15:16  Archon, Zealot  
  119  15:17  Zealot x5  
  119  15:18  Stalker, Zealot x3  
  119  15:19  Stalker  
  111  15:29  Stalker x2  
  111  15:30  Probe x4  
  108  15:38  Stalker x2  
  108  15:40  Stalker x3  
  108  15:42  Probe x4  
  120  15:54  Probe x4  
  130  16:06  Probe x3  
  130  16:08  Photon Cannon  
  133  16:11  Nexus  
  133  16:12  Pylon  
  133  16:14  Zealot x2  
  133  16:15  Pylon  
Show
View Real Time Build Order
Export as new Build Order

Drift Terran 

Build Orders: Reaper Expand 

Get SALT Encoding   

  12  0:00  SCV  
  13  0:12  SCV  
  14  0:18  Supply Depot  
  14  0:24  SCV  
  15  0:40  SCV  
  15  0:41  Barracks  
  16  0:45  Refinery  
  16  0:52  SCV  
  17  1:04  SCV  
  18  1:16  SCV  
  19  1:31  Orbital Command  
  19  1:33  Reaper  
  20  1:40  Command Center  
  20  1:48  Supply Depot  
  20  1:57  SCV  
  21  2:05  Marine  
  22  2:09  SCV  
  22  2:11  Factory  
  23  2:16  Bunker  
  23  2:20  Refinery  
  23  2:21  SCV  
  24  2:27  Barracks Reactor  
  24  2:33  SCV  
  25  2:45  SCV  
  26  2:52  Orbital Command  
  26  2:58  SCV  
  27  3:00  Starport  
  27  3:02  Hellion  
  27  3:05  Marine x2  
  30  3:10  SCV  
  31  3:19  SCV  
  32  3:22  SCV  
  32  3:23  Factory Tech Lab, Marine x2  
  32  3:27  Barracks  
  35  3:31  SCV  
  35  3:33  Supply Depot  
  36  3:34  SCV  
  37  3:42  Marine  
  37  3:43  SCV  
  37  3:47  SCV  
  40  3:49  Factory Tech Lab, Raven  
  40  3:54  Marine  
  40  3:55  Barracks, SCV  
  44  3:59  SCV  
  45  4:03  Engineering Bay, Supply Depot  
  45  4:05  Marine  
  45  4:07  SCV  
  47  4:11  SCV  
  47  4:16  Marine  
  50  4:17  Refinery  
  50  4:19  Factory Reactor, SCV  
  50  4:23  SCV, Marine  
  52  4:25  Marauder  
  52  4:27  Stimpack  
  54  4:31  SCV  
  54  4:33  Supply Depot  
  54  4:34  Marine  
  54  4:35  Terran Infantry Weapons Level 1  
  56  4:43  SCV x2  
  58  4:47  Marine  
  58  4:48  Supply Depot  
  58  4:51  Starport Reactor  
  58  4:52  Marine  
  60  4:56  Supply Depot  
  60  4:57  Marauder x2, Refinery  
  64  5:02  SCV  
  64  5:03  SCV  
  64  5:04  Combat Shield  
  64  5:05  Marine  
  67  5:09  Widow Mine  
  67  5:11  Marine  
  68  5:14  SCV  
  68  5:15  Widow Mine  
  68  5:16  SCV  
  72  5:21  Supply Depot  
  72  5:23  Supply Depot  
  72  5:24  Marine  
  72  5:26  SCV  
  74  5:30  Widow Mine  
  74  5:32  Marine  
  74  5:33  Medivac, Marauder x2  
  83  5:42  Medivac  
  85  5:44  Supply Depot, Marine  
  85  5:47  Supply Depot  
  86  5:50  Marine  
  84  5:58  Marauder, Marine  
  84  6:03  Marine  
  85  6:04  Widow Mine  
  85  6:05  Medivac, Widow Mine  
  91  6:11  Command Center  
  91  6:12  Supply Depot  
  91  6:13  Medivac  
  91  6:16  Marauder  
  91  6:18  Marine  
  96  6:20  Marauder  
  98  6:29  Barracks  
  98  6:30  Widow Mine  
  98  6:32  Barracks  
  100  6:34  Marine  
  100  6:37  SCV x2  
  100  6:38  Marauder  
  101  6:48  Marine  
  101  6:49  Marauder, SCV  
  101  6:50  Medivac x2  
  109  7:13  Marine  
  109  7:14  Marauder  
  100  7:21  Marauder, Marine  
  100  7:22  Barracks Tech Lab  
  100  7:23  Barracks Reactor, SCV  
  100  7:24  SCV  
  100  7:25  Terran Infantry Armor Level 1  
  89  7:35  Marauder  
  89  7:36  SCV x2  
  87  7:37  Marine  
  87  7:39  Marine  
  87  7:43  Marauder  
  91  7:45  Marine  
  91  7:50  Widow Mine x2  
  94  7:54  Medivac x2  
  94  7:55  Marine  
  94  7:57  Marauder, SCV x2, Marine  
  102  8:03  Marauder  
  102  8:04  Marauder  
  106  8:06  Engineering Bay  
  106  8:07  Ghost Academy, Armory, Marine x2  
  106  8:09  SCV  
  106  8:10  SCV  
  106  8:12  Widow Mine  
  112  8:13  Marine  
  112  8:15  Orbital Command  
  112  8:16  Marine  
  112  8:18  Marauder  
  116  8:21  SCV  
  116  8:22  SCV  
  116  8:24  Widow Mine  
  116  8:25  Marauder  
  122  8:29  Marine  
  122  8:30  Marauder  
  122  8:34  SCV, Viking x2  
  126  8:36  SCV  
  126  8:39  Refinery  
  126  8:40  Refinery  
  131  8:42  Supply Depot  
  131  8:44  Supply Depot  
  131  8:46  SCV  
  133  8:48  SCV  
  133  8:49  Marauder, Marine  
  133  8:52  SCV  
  137  8:56  Missile Turret, Enhanced Shockwaves  
  137  9:04  Marine  
  137  9:06  Missile Turret  
  137  9:07  Viking  
  137  9:08  Viking  
  146  9:13  Marine  
  146  9:14  Marauder, Ghost  
  146  9:16  SCV x2  
  130  9:29  Marine  
  130  9:30  Marauder  
  119  9:35  Marine  
  119  9:36  Marauder  
  122  9:40  Command Center  
  122  9:41  Marine  
  122  9:42  Marine  
  122  9:43  Marine  
  122  9:44  Medivac  
  118  9:47  SCV x2  
  118  9:50  Viking  
  118  9:52  Widow Mine  
  124  9:54  Barracks  
  124  9:56  Barracks  
  124  9:57  Barracks  
  124  9:58  SCV  
  125  10:01  Supply Depot  
  125  10:03  Supply Depot  
  125  10:06  SCV x2  
  129  10:10  SCV  
  129  10:11  Terran Infantry Armor Level 2, Terran Infantry Weapons Level 2  
  129  10:14  Marauder, Marine x2  
  128  10:16  Medivac  
  128  10:17  Marine  
  128  10:19  Marine  
  128  10:20  Marauder  
  138  10:23  Marine  
  138  10:25  Medivac  
  141  10:29  Concussive Shells  
  141  10:32  Marine  
  142  10:36  Marauder, Marine  
  142  10:37  Supply Depot, Marine  
  142  10:41  Supply Depot, Marauder x2, Marine  
  151  10:44  Barracks Tech Lab  
  151  10:45  Barracks Tech Lab  
  151  10:50  Barracks Reactor  
  151  10:51  Missile Turret  
  151  10:52  Missile Turret  
  151  10:56  Missile Turret  
  151  10:57  Marauder  
  151  11:00  Marine  
  151  11:02  Marauder  
  151  11:03  Medivac, Marauder  
  160  11:04  Medivac  
  160  11:11  Marauder, Marine  
  164  11:13  Marine x2  
  164  11:17  Marauder  
  168  11:18  Marauder, Marine  
  168  11:22  Widow Mine  
  168  11:24  Marauder, Marine  
  176  11:29  Marine  
  177  11:34  Refinery  
  177  11:39  Missile Turret  
  177  11:40  Missile Turret  
  190  11:57  Ghost x5  
  190  11:58  Planetary Fortress, Marine  
  190  12:00  Missile Turret  
  188  12:04  Terran Ship Weapons Level 1  
  188  12:08  Marine  
  188  12:09  Marine  
  188  12:10  Marine  
  188  12:12  Medivac  
  193  12:17  Medivac, Marine  
  193  12:19  Missile Turret  
  196  12:25  Ghost  
  196  12:26  Marauder  
  196  12:34  Ghost x2  
  187  12:37  Marauder, Marine x2  
  187  12:41  Marine  
  192  12:47  Marauder  
  194  12:52  Marine  
  194  12:54  Marauder  
  194  12:57  Marine x2  
  199  13:00  Terran Infantry Weapons Level 3, Terran Infantry Armor Level 3  
  181  13:20  Marine  
  181  13:21  Marauder x5  
  172  13:36  Marine  
  172  13:37  Medivac x2  
  172  13:41  Marine x3  
  169  13:42  Marauder x5, Marine x2  
  155  13:53  Marine  
  151  13:56  Barracks, SCV  
  151  13:58  Barracks  
  151  13:59  Marine x2  
  151  14:01  Widow Mine x2  
  150  14:03  Marauder, Marine x3  
  150  14:04  Marauder x4  
  150  14:07  Medivac  
  165  14:10  Sensor Tower  
  165  14:11  Sensor Tower, Marine  
  165  14:17  Marine x2  
  166  14:21  Marine x3  
  166  14:22  Medivac  
  173  14:24  Marine  
  173  14:25  Marine x4  
  178  14:35  Marine  
  179  14:42  Ghost x3  
  179  14:43  Marauder x2  
  179  14:44  Marine  
  176  14:54  SCV x2  
  176  14:55  SCV, Marine  
  176  14:56  Marine  
  167  15:04  Marauder  
  167  15:05  Marauder, Marine  
  167  15:06  SCV  
  167  15:07  SCV x2  
  146  15:15  Marauder, Marine  
  146  15:16  Marauder x2  
  146  15:18  SCV  
  146  15:19  SCV x2  
  144  15:21  Marine  
  133  15:30  SCV  
  133  15:31  SCV x2  
  133  15:33  Marine  
  130  15:36  Marine  
  130  15:37  Marauder  
  130  15:42  Barracks Tech Lab  
  127  15:43  SCV  
  127  15:49  Marine  
  122  15:50  Marauder  
  122  15:52  Barracks Reactor  
  122  15:56  Medivac x2  
  124  16:09  Command Center  
  124  16:11  Marine  
Tags
 
Add a new tag
Caveats
  • Supply blocks, unpowered buildings, or Contaminate may cause inaccurate times.
  • Supply counts are checked every 10 seconds.